XFBL
BOSTON RED SOX @ MILWAUKEE BREWERS
09/21/1982
 
TOP OF THE 1ST
Boston Red Sox batting - Pitching for Milwaukee Brewers : RHP Kevin Gross
Pitching: RHP Kevin Gross
Batting: SHB Harry Chappas 0-0: Ground out U3 (Groundball, 13, EV 82.5 MPH)
Batting: LHB Willie Aikens 0-0: Ground out 4-3 (Groundball, 4, EV 101.3 MPH)
Batting: RHB Jeff Burroughs 0-0: Ball
1-0: Ground out 3-1 (Groundball, 34, EV 104.4 MPH)
Top of the 1st over - 0 runs, 0 hits, 0 errors, 0 left on base; Boston 0 - Milwaukee 0
BOTTOM OF THE 1ST
Milwaukee Brewers batting - Pitching for Boston Red Sox : RHP Dick Ruthven
Pitching: RHP Dick Ruthven
Batting: SHB Alfredo Griffin 0-0: Ground out U3 (Groundball, 3S, EV 70.6 MPH)
Batting: SHB Eddie Murray 0-0: Ball
1-0: Ball
2-0: Called Strike
2-1: Reached on error, E1 (Groundball, 15, EV 63.8 MPH)
Batting: RHB Eric Davis 0-0: Ball
1-0: Called Strike
1-1: Ball
2-1: Ball
3-1: Base on Balls
Batting: RHB Mike Schmidt 0-0: Swinging Strike
0-1: Ball
1-1: Swinging Strike
1-2: Strikes out swinging
Batting: RHB Ken Landreaux 0-0: Fly out, F9 (Flyball, 9S, EV 83.8 MPH)
Bottom of the 1st over - 0 runs, 0 hits, 1 error, 2 left on base; Boston 0 - Milwaukee 0
TOP OF THE 2ND
Boston Red Sox batting - Pitching for Milwaukee Brewers : RHP Kevin Gross
Batting: SHB Orestes Destrade 0-0: Ball
1-0: Called Strike
1-1: Swinging Strike
1-2: Strikes out looking
Batting: SHB Phil Ouellette 0-0: Ball
1-0: Fly out, F9 (Flyball, 89M, EV 95.6 MPH)
Batting: RHB Devin Pike 0-0: Called Strike
0-1: Foul Ball, location: 2F
0-2: Fly out, F9 (Flyball, 9, EV 92.5 MPH)
Top of the 2nd over - 0 runs, 0 hits, 0 errors, 0 left on base; Boston 0 - Milwaukee 0
BOTTOM OF THE 2ND
Milwaukee Brewers batting - Pitching for Boston Red Sox : RHP Dick Ruthven
Batting: RHB Glenn Davis 0-0: SINGLE (Groundball, P, EV 83.1 MPH) (infield hit)
Batting: LHB Von Hayes 0-0: Ball
1-0: Ball
2-0: Called Strike
2-1: Foul Ball, location: 2F
2-2: Fly out, F5 (Line Drive, 5, EV 60.6 MPH)
Batting: RHB Kevin Buckley 0-0: Fly out, F8 (Flyball, 78XD, EV 101.9 MPH)
Batting: RHB Steve Sax 0-0: Fly out, F8 (Flyball, 89D, EV 108.1 MPH)
Bottom of the 2nd over - 0 runs, 1 hit, 0 errors, 1 left on base; Boston 0 - Milwaukee 0
TOP OF THE 3RD
Boston Red Sox batting - Pitching for Milwaukee Brewers : RHP Kevin Gross
Batting: RHB Josh Grimes 0-0: Swinging Strike
0-1: Ball
1-1: Ground out 4-3 (Groundball, 4, EV 98.8 MPH)
Batting: LHB Daryl Sconiers 0-0: Ball
1-0: Ball
2-0: Called Strike
2-1: Ball
3-1: Base on Balls
Batting: SHB Nelson Norman 0-0: Ball
1-0: Grounds into double play, 6-4-3 (Groundball, 56, EV 87.5 MPH)
Top of the 3rd over - 0 runs, 0 hits, 0 errors, 0 left on base; Boston 0 - Milwaukee 0
BOTTOM OF THE 3RD
Milwaukee Brewers batting - Pitching for Boston Red Sox : RHP Dick Ruthven
Batting: SHB Alfredo Griffin 0-0: Called Strike
0-1: Foul Ball, location: 2F
0-2: Foul Ball, location: 2F
0-2: Ball
1-2: Fly out, F2 (Popup, 23F, EV 90.6 MPH)
Batting: SHB Eddie Murray 0-0: Ground out 6-3 (Groundball, 6, EV 100.0 MPH)
Batting: RHB Eric Davis 0-0: Ball
1-0: Ball
2-0: SINGLE (Groundball, 5S, EV 65.0 MPH) (infield hit)
Batting: RHB Mike Schmidt 0-0: Ball
Eric Davis steals 2nd base
1-0: Ground out 5-3 (Groundball, 56S, EV 87.5 MPH)
Bottom of the 3rd over - 0 runs, 1 hit, 0 errors, 1 left on base; Boston 0 - Milwaukee 0
TOP OF THE 4TH
Boston Red Sox batting - Pitching for Milwaukee Brewers : RHP Kevin Gross
Batting: SHB Harry Chappas 0-0: Ball
1-0: Called Strike
1-1: Foul Ball, location: 2F
1-2: Strikes out swinging
Batting: LHB Willie Aikens 0-0: Foul Ball, location: 2F
0-1: Ball
1-1: Called Strike
1-2: Ground out 6-3 (Groundball, 6D, EV 81.9 MPH)
Batting: RHB Jeff Burroughs 0-0: Foul Ball, location: 2F
0-1: Fly out, F9 (Line Drive, 9, EV 95.0 MPH)
Top of the 4th over - 0 runs, 0 hits, 0 errors, 0 left on base; Boston 0 - Milwaukee 0
BOTTOM OF THE 4TH
Milwaukee Brewers batting - Pitching for Boston Red Sox : RHP Dick Ruthven
Batting: RHB Ken Landreaux 0-0: Ground out U3 (Groundball, 34, EV 96.9 MPH)
Batting: RHB Glenn Davis 0-0: Fly out, F8 (Flyball, 8LXD, EV 88.8 MPH)
Batting: LHB Von Hayes 0-0: Called Strike
0-1: Ball
1-1: Ball
2-1: Foul Ball, location: 2F
2-2: Ball
3-2: Base on Balls
Batting: RHB Kevin Buckley 0-0: Ball
Von Hayes steals 2nd base (no throw)
1-0: Called Strike
1-1: Ball
2-1: Ball
3-1: Fly out, F8 (Flyball, 8LD, EV 103.1 MPH)
Bottom of the 4th over - 0 runs, 0 hits, 0 errors, 1 left on base; Boston 0 - Milwaukee 0
TOP OF THE 5TH
Boston Red Sox batting - Pitching for Milwaukee Brewers : RHP Kevin Gross
Batting: SHB Orestes Destrade 0-0: Ball
1-0: Fly out, F8 (Flyball, 78D, EV 100.6 MPH)
Batting: SHB Phil Ouellette 0-0: Ground out 4-3 (Groundball, 4, EV 84.4 MPH)
Batting: RHB Devin Pike 0-0: Called Strike
0-1: Foul Ball, location: 2F
0-2: Foul Ball, location: 2F
0-2: Strikes out swinging
Top of the 5th over - 0 runs, 0 hits, 0 errors, 0 left on base; Boston 0 - Milwaukee 0
BOTTOM OF THE 5TH
Milwaukee Brewers batting - Pitching for Boston Red Sox : RHP Dick Ruthven
Batting: RHB Steve Sax 0-0: Called Strike
0-1: Ball
1-1: Called Strike
1-2: Fly out, F5 (Popup, 15, EV 81.3 MPH)
Batting: SHB Alfredo Griffin 0-0: Called Strike
0-1: Called Strike
0-2: Ball
1-2: Strikes out swinging
Batting: SHB Eddie Murray 0-0: Called Strike
0-1: Fly out, F7 (Flyball, 7, EV 85.0 MPH)
Bottom of the 5th over - 0 runs, 0 hits, 0 errors, 0 left on base; Boston 0 - Milwaukee 0
TOP OF THE 6TH
Boston Red Sox batting - Pitching for Milwaukee Brewers : RHP Kevin Gross
Batting: RHB Josh Grimes 0-0: Ball
1-0: Foul Ball, location: 2F
1-1: Foul Ball, location: 2F
1-2: Ball
2-2: Ball
3-2: Ground out 6-3 (Groundball, 6M, EV 86.3 MPH)
Batting: LHB Daryl Sconiers 0-0: Called Strike
0-1: Ball
1-1: Foul Ball, location: 2F
1-2: Ball
2-2: Ball
3-2: Strikes out swinging
Batting: SHB Nelson Norman 0-0: Ball
1-0: SINGLE (Groundball, 34S, EV 70.0 MPH) (infield hit)
Batting: SHB Harry Chappas 0-0: Ball
1-0: Ball
Nelson Norman steals 2nd base (no throw)
2-0: Foul Ball, location: 2F
2-1: Fly out, F8 (Flyball, 8LD, EV 104.4 MPH)
Top of the 6th over - 0 runs, 1 hit, 0 errors, 1 left on base; Boston 0 - Milwaukee 0
BOTTOM OF THE 6TH
Milwaukee Brewers batting - Pitching for Boston Red Sox : RHP Dick Ruthven
Batting: RHB Eric Davis 0-0: Ball
1-0: Foul Ball, location: 2F
1-1: Swinging Strike
1-2: Strikes out swinging
Batting: RHB Mike Schmidt 0-0: Ball
1-0: Called Strike
1-1: Ball
2-1: Ball
3-1: Base on Balls
Batting: RHB Ken Landreaux 0-0: DOUBLE (Groundball, 5L, EV 101.9 MPH)
Mike Schmidt to third
Runner from 3rd tries for Home, SAFE, throw by LF to home
Batting: RHB Glenn Davis 0-0: Foul Ball, location: 2F
0-1: Swinging Strike
0-2: Ball
1-2: Ball
2-2: Ball
3-2: Fly out, F9 (Flyball, 9LM, EV 73.8 MPH)
Batting: LHB Von Hayes 0-0: Ball
1-0: Ball
2-0: Ground out 5-3 (Groundball, 56, EV 81.9 MPH)
Bottom of the 6th over - 1 run, 1 hit, 0 errors, 1 left on base; Boston 0 - Milwaukee 1
TOP OF THE 7TH
Boston Red Sox batting - Pitching for Milwaukee Brewers : RHP Kevin Gross
Batting: LHB Willie Aikens 0-0: Ball
1-0: Swinging Strike
1-1: Swinging Strike
1-2: Ball
2-2: SINGLE (Groundball, 3S, EV 65.0 MPH) (infield hit)
Batting: RHB Jeff Burroughs 0-0: Ball
1-0: Called Strike
1-1: Foul Ball, location: 2F
1-2: 2-RUN HOME RUN (Flyball, 7D, EV 112.5 MPH), Distance : 386 ft
Batting: SHB Orestes Destrade 0-0: Ball
1-0: Swinging Strike
1-1: Ball
2-1: Ball
3-1: Swinging Strike
3-2: Strikes out swinging
Batting: SHB Phil Ouellette 0-0: Swinging Strike
0-1: Ball
1-1: Called Strike
1-2: Ball
2-2: Ball
3-2: Strikes out swinging
Batting: RHB Devin Pike 0-0: Called Strike
0-1: Ball
1-1: Fly out, F8 (Line Drive, 8LD, EV 111.3 MPH)
Top of the 7th over - 2 runs, 2 hits, 0 errors, 0 left on base; Boston 2 - Milwaukee 1
BOTTOM OF THE 7TH
Milwaukee Brewers batting - Pitching for Boston Red Sox : RHP Dick Ruthven
Batting: RHB Kevin Buckley 0-0: Called Strike
0-1: Ball
1-1: Ground out 6-3 (Groundball, 56, EV 106.9 MPH)
Batting: RHB Steve Sax 0-0: Ball
1-0: Foul Ball, location: 2F
1-1: Swinging Strike
1-2: Fly out, F7 (Flyball, 78M, EV 98.8 MPH)
Batting: SHB Alfredo Griffin 0-0: Called Strike
0-1: Ball
1-1: Foul Ball, location: 2F
1-2: Ball
2-2: Fly out, F6 (Line Drive, 6, EV 68.1 MPH)
Bottom of the 7th over - 0 runs, 0 hits, 0 errors, 0 left on base; Boston 2 - Milwaukee 1
TOP OF THE 8TH
Boston Red Sox batting - Pitching for Milwaukee Brewers : RHP Kevin Gross
Batting: RHB Josh Grimes 0-0: Called Strike
0-1: SINGLE (Groundball, 56D, EV 96.9 MPH)
Batting: LHB Daryl Sconiers 0-0: Called Strike
0-1: Ball
1-1: Grounds into double play, 5-4-3 (Groundball, 5, EV 80.0 MPH)
Batting: SHB Nelson Norman 0-0: Ball
1-0: Ball
2-0: Ground out 5-3 (Groundball, 56S, EV 69.4 MPH)
Top of the 8th over - 0 runs, 1 hit, 0 errors, 0 left on base; Boston 2 - Milwaukee 1
BOTTOM OF THE 8TH
Milwaukee Brewers batting - Pitching for Boston Red Sox : RHP Dick Ruthven
Now at 3B: Kevin Klettke
Batting: SHB Eddie Murray 0-0: Swinging Strike
0-1: Fly out, F8 (Flyball, 8RXD, EV 103.1 MPH)
Batting: RHB Eric Davis 0-0: Ball
1-0: Ball
2-0: Foul Ball, location: 2F
2-1: Ball
3-1: Foul Ball, location: 2F
3-2: Base on Balls
Pitching: RHP Luis Albo
Batting: RHB Mike Schmidt 0-0: Ball
1-0: Called Strike
1-1: Foul Ball, location: 2F
1-2: Ball
2-2: Ball
3-2: Fly out, F9 (Flyball, 89S, EV 95.6 MPH)
Batting: RHB Ken Landreaux 0-0: Called Strike
Eric Davis steals 2nd base
0-1: Called Strike
0-2: Foul Ball, location: 2F
0-2: Ball
1-2: Ball
2-2: Ball
3-2: Strikes out swinging
Bottom of the 8th over - 0 runs, 0 hits, 0 errors, 1 left on base; Boston 2 - Milwaukee 1
TOP OF THE 9TH
Boston Red Sox batting - Pitching for Milwaukee Brewers : RHP Kevin Gross
Batting: SHB Harry Chappas 0-0: Called Strike
0-1: Ball
1-1: Foul Ball, location: 2F
1-2: Ground out 4-3 (Groundball, 4, EV 83.8 MPH)
Batting: LHB Willie Aikens 0-0: Ball
1-0: Foul Ball, location: 2F
1-1: Ball
2-1: Swinging Strike
2-2: Fly out, F5 (Popup, 25F, EV 82.5 MPH)
Batting: RHB Jeff Burroughs 0-0: Ball
1-0: Foul Ball, location: 2F
1-1: Ball
2-1: Foul Ball, location: 2F
2-2: Strikes out swinging
Top of the 9th over - 0 runs, 0 hits, 0 errors, 0 left on base; Boston 2 - Milwaukee 1
BOTTOM OF THE 9TH
Milwaukee Brewers batting - Pitching for Boston Red Sox : RHP Luis Albo
Batting: RHB Glenn Davis 0-0: Called Strike
0-1: Called Strike
0-2: Ball
1-2: Ground out U3 (Groundball, 3, EV 87.5 MPH)
Batting: LHB Von Hayes 0-0: Foul Ball, location: 2F
0-1: Fly out, F8 (Flyball, 8LXD, EV 97.5 MPH)
Pinch Hitting: LHB Al Oliver 0-0: Called Strike
0-1: Ball
1-1: Ball
2-1: Ball
3-1: Ground out 3-1 (Groundball, 3S, EV 65.6 MPH)
Bottom of the 9th over - 0 runs, 0 hits, 0 errors, 0 left on base; Boston 2 - Milwaukee 1
Wednesday, September 2nd, 2020 - OOTP Baseball 21.5 Build 76